 Dungeon Crawl Stone Soup version 0.20-a0-641-g673355a (webtiles) character file.

125 polly the Slasher (level 4, -2/34 HPs)
             Began as a Demonspawn Gladiator on Feb 14, 2017.
             Slain by a goblin
             ... wielding a +0 dagger
             ... led by Robin
              (4 damage)
             ... on level 3 of the Dungeon.
             The game lasted 00:02:15 (2136 turns).

polly the Slasher (Demonspawn Gladiator)            Turns: 2136, Time: 00:02:16

Health: -2/34      AC:  3    Str: 13 (15) XL:     4   Next: 82%
Magic:  4/4        EV: 12    Int:  8 (10) God:
Gold:   106        SH:  0    Dex: 11 (14) Spells: 3/3 levels left

rFire    . . .     SeeInvis .   a - +0 long sword
rCold    . . .     Gourm    .   b - +0 leather armour
rNeg     . . .     Faith    .   (no shield)
rPois    .         Spirit   .   (helmet restricted)
rElec    .         Reflect  .   (no cloak)
rCorr    .         Harm     .   (no gloves)
MR       .....                  (no boots)
Stlth    +.........             (no amulet)
Regen    0.2/turn               (no ring)
MPRegen  0.1/turn               (no ring)

@: drained
A: antennae 1, powered by pain 1
a: no special abilities


You were on level 3 of the Dungeon.
You were not hungry.

You visited 1 branch of the dungeon, and saw 3 of its levels.

You collected 106 gold pieces.

Inventory:

Hand Weapons
 a - a +0 long sword (weapon)
Missiles
 d - 3 throwing nets (quivered)
Armour
 b - a +0 leather armour (worn)
 c - a +0 helmet
Jewellery
 r - a cursed ring of teleportation {unknown}
Wands
 s - a wand of random effects (5/48)
Scrolls
 e - a scroll of amnesia {unknown}
 g - a scroll of recharging {unknown}
 i - 2 scrolls of teleportation {unknown}
 j - 4 scrolls of remove curse {unknown}
 k - a scroll of enchant armour {unknown}
 m - a scroll of immolation {unknown}
 q - 5 scrolls of identify {unknown}
 v - a scroll of enchant weapon {unknown}
 y - a scroll of magic mapping {unknown}
Potions
 l - a potion of cancellation
 o - a potion of magic {unknown}
 p - a potion of haste {unknown}
 u - a potion of agility {unknown}
 w - 2 potions of curing {unknown}
 x - 2 potions of flight {unknown}
 z - a potion of ambrosia {unknown}
Comestibles
 f - 2 bread rations
 h - 2 meat rations
 t - 3 fruits


   Skills:
 + Level 2.9(2.5) Fighting
 + Level 3.5(3.1) Long Blades
 + Level 1.9(1.5) Throwing
 + Level 1.5(1.0) Armour
 + Level 3.3(2.9) Dodging
 + Level 0.6(0.1) Stealth


You had 3 spell levels left.
You didn't know any spells.

Dungeon Overview and Level Annotations

Branches:
Dungeon (3/15)

Altars:
Ru

Annotations:
D:3 Ijyb, Robin


Innate Abilities, Weirdness & Mutations

You have a pair of small antennae on your head.
You sometimes gain a little power by taking damage.


Message History

You hit Ijyb.
Ijyb is lightly wounded.
Robin throws the goblin at you! Ijyb hits you with an enchanted club.
A goblin comes into view. It is wielding a dagger.
The goblin shouts!
It was a potion of cancellation.
You feel magically purged.
You hear a shout!
Ijyb hits you but does no damage.
The goblin shoots a stone.
The stone hits you. Robin throws the goblin at you!
The goblin hits you with a dagger.
* * * LOW HITPOINT WARNING * * *
It was a potion of degeneration.
There was something very wrong with that liquid.
You feel weakened.
You feel dopey.
You feel clumsy. The goblin closely misses you.
You riposte.
You closely miss the goblin.
The goblin shoots a stone.
The stone hits you but does no damage. Ijyb hits you with an enchanted club.
* * * LOW HITPOINT WARNING * * *
The goblin hits you with a dagger.
You die...

#....#.#
#....[.#
#.....##
#####.# #.<#
#########.##
#......†..#
#.......g##
#......@.#
#.....gg..gggg.
#........######
#........#
#........#
#........#
#........#
#........#


You could see Ijyb, Robin and 5 goblins.

Vanquished Creatures
  Natasha (twice) (D:2)
  3 dart slugs
  2 leopard geckos
  5 bats
  2 giant cockroaches (D:1)
  13 goblins
  8 hobgoblins
  11 jackals
  A quokka (D:2)
  A frilled lizard (D:2)
  5 kobolds
  7 rats
60 creatures vanquished.

Notes
Turn   | Place    | Note
-------+----------+-------------------------------------------
     0 | D:1      | polly the Demonspawn Gladiator began the quest for the Orb.
     0 | D:1      | Reached XP level 1. HP: 16/16 MP: 1/1
    63 | D:1      | Gained mutation: You sometimes gain a little power by taking damage. [demonic ancestry]
    63 | D:1      | Reached XP level 2. HP: 18/22 MP: 2/2
   734 | D:1      | Reached XP level 3. HP: 27/27 MP: 3/3
  1302 | D:2      | Found a sacrificial altar of Ru.
  1481 | D:2      | Noticed Natasha
  1488 | D:2      | Killed Natasha
  1488 | D:2      | Reached skill level 1 in Armour
  1488 | D:2      | Gained mutation: You have a pair of small antennae on your head. [demonic ancestry]
  1488 | D:2      | Reached XP level 4. HP: 23/34 MP: 4/4
  1614 | D:2      | Noticed Natasha
  1625 | D:2      | Killed Natasha
  2128 | D:3      | Noticed Ijyb
  2132 | D:3      | Noticed Robin
  2136 | D:3      | Slain by a goblin

Vault maps used:
D:1:      dpeg_arrival_pits
D:2:      nicolae_ru_sacrificial_ziggurat, uniq_natasha
D:3:      cheibrodos_greedy_goblins, uniq_iyjb, uniq_robin

Skill      XL: |  1  2  3 |
---------------+----------+-----
Dodging        | 3 |  3.3
Long Blades    | 3 |  3.5
Armour         | 1 |  1.5
Fighting       | |  2.9
Throwing       | |  1.9
Stealth        | |  0.6

Action                   |  1- 3 |  4- 6 || total
-------------------------+-------+-------++-------
Melee: Long sword        |   111 |    46 ||   157
       Unarmed           |       |     4 ||     4
  Use: Potion            |       |     2 ||     2
 Stab: Sleeping          |     1 |       ||     1
       Confused          |       |     1 ||     1
  Eat: Chunk             |     2 |       ||     2
       Royal jelly       |       |     1 ||     1
Armor: Leather armour    |    39 |    14 ||    53
Dodge: Dodged            |    90 |    43 ||   133
       Rpst.: Long sword |    36 |    17 ||    53
